[Event "Titled Tuesday Blitz January 03 Early 2023"]
[White "Fernandez Garcia, Gumersindo"]
[Black "Diaz Villagran, Robert"]
[WhiteFideId "24516740"]
[BlackFideId "3404056"]
[WhiteElo "2160"]
[BlackElo "2315"]
[Result "0-1"]
[Round "04"]
[TimeControl "180+2"]
[Date "2023.01.03"]
[WhiteClock "0:00:02"]
[BlackClock "0:00:15"]

1. d4 Nf6 2. c4 g6 3. Nc3 Bg7 4. e4 d6 5. Be2 O-O 6. Be3 Na6 7. g4 c5 8. d5 e6 9. g5 Ne8 10. h4 exd5 11. cxd5 f5 12. f3 f4 13. Bd2 Bd7 14. Nh3 Be5 15. Qc1 Bxh3 16. Rxh3 Nac7 17. a4 b6 18. Kd1 Ng7 19. Kc2 a6 20. Rh1 Nh5 21. Rg1 Qd7 22. Bf1 b5 23. axb5 axb5 24. Rxa8 Rxa8 25. Rh1 b4 26. Bh3 Qe8 27. Nb1 Ra2 28. Kd1 Rxb2 29. Ke2 Ng3+ 30. Kf2 Qb5 31. Re1 Qd3 32. Kg1 Qxf3 33. Bg2 Bd4+ 34. Kh2 Qf2 35. Qc4 f3 36. Re2 Nxe2 0-1


[Site "https://www.chess.com"]

[Event "Titled Tuesday Blitz January 03 Early 2023"]
[White "Ibadov, Dashgyn"]
[Black "Skliarov, Viktor"]
[WhiteFideId "24107514"]
[BlackFideId "14106736"]
[WhiteElo "2391"]
[BlackElo "2383"]
[Result "1/2-1/2"]
[Round "04"]
[TimeControl "180+2"]
[Date "2023.01.03"]
[WhiteClock "0:00:04"]
[BlackClock "0:00:04"]

1. d4 Nf6 2. c4 e6 3. Nf3 b6 4. Nc3 Bb4 5. g3 O-O 6. Bg2 Bxc3+ 7. bxc3 Bb7 8. O-O d6 9. Re1 Nbd7 10. Qc2 Be4 11. Qb3 c5 12. Bf1 Qe7 13. Nd2 Bb7 14. e4 e5 15. d5 Ne8 16. Qc2 g6 17. Bg2 Ng7 18. Nf1 f5 19. f4 Rae8 20. a4 Ba6 21. Qd3 exf4 22. Bxf4 Ne5 23. Bxe5 Qxe5 24. a5 bxa5 25. Rxa5 Bc8 26. Rxa7 f4 27. gxf4 Rxf4 28. Ng3 Ref8 29. Rf1 h5 30. Raa1 h4 31. Ne2 Rxf1+ 32. Rxf1 Rxf1+ 33. Bxf1 g5 34. Qf3 g4 35. Qf4 Nh5 36. Qxe5 dxe5 37. Nc1 Nf4 38. Nd3 Nxd3 39. Bxd3 Kg7 40. Kf2 Kf6 41. Be2 Kg5 42. Ke3 Bd7 43. Bd1 Kg6 44. Be2 Kg5 45. Bd1 Kg6 46. Be2 Kg5 1/2-1/2


[Site "https://www.chess.com"]

[Event "Titled Tuesday Blitz January 03 Early 2023"]
[White "Lamaze, Simon"]
[Black "Mogirzan, Matei-Valeriu"]
[WhiteFideId "36069264"]
[BlackFideId "1257455"]
[WhiteElo "2363"]
[BlackElo "1813"]
[Result "1-0"]
[Round "04"]
[TimeControl "180+2"]
[Date "2023.01.03"]
[WhiteClock "0:00:24"]
[BlackClock "0:00:03"]

1. e4 c5 2. Nf3 d6 3. d4 cxd4 4. Nxd4 Nf6 5. Nc3 Nc6 6. Bg5 Nd7 7. Bc4 Nce5 8. Bb3 h6 9. Be3 g5 10. h4 g4 11. Nf5 Nf6 12. Qe2 Nxe4 13. Ba4+ Nc6 14. Bd4 Bxf5 15. Nxe4 Qa5+ 16. Nc3 e5 17. O-O Be7 18. Rfe1 O-O-O 19. Be3 d5 20. Bd2 f6 21. a3 Nd4 22. Qf1 Qb6 23. Be3 Bc5 24. b4 Be7 25. Nb5 g3 26. Bxd4 exd4 27. Rxe7 a6 28. fxg3 d3+ 29. Qf2 Qxf2+ 30. Kxf2 axb5 31. Bxb5 dxc2 32. Ke3 d4+ 33. Kd2 d3 34. Re3 Rhg8 35. Rf1 Bd7 36. Bxd3 Ba4 37. Rc1 Rg7 38. Ke2 Rc7 39. Bf5+ Kb8 40. g4 Rd1 41. Bxc2 Rxc1 42. Bxa4 Ra1 43. Be8 Ra2+ 44. Kf3 Rcc2 45. g3 Rf2+ 46. Ke4 Rfe2 47. a4 Rxe3+ 48. Kxe3 Ra3+ 49. Kf4 Rb3 50. b5 Rb4+ 51. Kf5 Rxa4 52. Bd7 Rd4 53. Be6 Kc7 54. Kxf6 Kb6 55. Kg6 Kxb5 56. Bf5 Rd6+ 57. Kf7 Kc4 58. g5 hxg5 59. hxg5 b5 60. g4 b4 61. g6 b3 62. g7 Rd8 63. Be6+ Kc3 64. Bxb3 Kxb3 65. g8=Q Rd7+ 66. Kf6+ Kc3 67. Qc8+ Kd4 68. Qxd7+ Ke3 69. g5 1-0


[Site "https://www.chess.com"]

[Event "Titled Tuesday Blitz January 03 Early 2023"]
[White "Walentukiewicz, Michal"]
[Black "Gilmanov, Mansur"]
[WhiteFideId "1126903"]
[BlackFideId "4166868"]
[WhiteElo "2060"]
[BlackElo "2356"]
[Result "1-0"]
[Round "04"]
[TimeControl "180+2"]
[Date "2023.01.03"]
[WhiteClock "0:02:39"]
[BlackClock "0:00:49"]

1. Nf3 d5 2. g3 Nf6 3. Bg2 Bg4 4. O-O Nc6 5. c4 d4 6. d3 Qd7 7. Na3 Bh3 8. Nc2 h5 9. Bg5 h4 10. Bxh4 Bxg2 11. Kxg2 g5 12. Nxg5 Rxh4 13. gxh4 Qg4+ 14. Kh1 Qxh4 15. Nf3 Qh3 16. Rg1 Ng4 17. Qf1 Qh5 18. Qg2 f5 19. e4 dxe3 20. Nxe3 Nce5 21. Nxe5 Nxe5 22. Qxb7 Rd8 23. Qb5+ Nd7 24. Qxf5 Qxf5 25. Nxf5 Nf6 26. Rad1 e6 27. Ng3 Bc5 28. Ne4 Bd4 29. Nxf6+ Bxf6 30. Rg8+ Kd7 31. Rxd8+ Bxd8 32. Kg2 1-0


[Site "https://www.chess.com"]

[Event "Titled Tuesday Blitz January 03 Early 2023"]
[White "Sourath Biswas"]
[Black "Mohammed, Zozek Salah Mohammed"]
[WhiteFideId "35091484"]
[BlackFideId "4803361"]
[WhiteElo "2281"]
[BlackElo "2210"]
[Result "1-0"]
[Round "04"]
[TimeControl "180+2"]
[Date "2023.01.03"]
[WhiteClock "0:02:28"]
[BlackClock "0:01:32"]

1. d4 Nf6 2. Bf4 d5 3. e3 c5 4. Nf3 Nc6 5. Nbd2 e6 6. c3 Bd6 7. Bg3 O-O 8. Bd3 Re8 9. Ne5 Qc7 10. f4 cxd4 11. exd4 Bd7 12. Qe2 a6 13. O-O b5 14. a3 Na5 15. Bh4 Be7 16. Bxf6 Bxf6 17. Bxh7+ Kxh7 18. Qh5+ Kg8 19. Qxf7+ Kh8 20. Rf3 Bxe5 21. Rh3# 1-0


[Site "https://www.chess.com"]

[Event "Titled Tuesday Blitz January 03 Early 2023"]
[White "Melaugh, Shane"]
[Black "Papp, Levente"]
[WhiteFideId "2509580"]
[BlackFideId "751243"]
[WhiteElo "2115"]
[BlackElo "2353"]
[Result "1-0"]
[Round "04"]
[TimeControl "180+2"]
[Date "2023.01.03"]
[WhiteClock "0:00:22"]
[BlackClock "0:00:04"]

1. c4 e6 2. Nc3 Bb4 3. g3 d5 4. cxd5 exd5 5. d4 Nf6 6. Qa4+ Nc6 7. Nf3 O-O 8. Bg2 Ne4 9. Qc2 Bf5 10. Qb3 a5 11. O-O Bxc3 12. bxc3 a4 13. Qxb7 Qd7 14. Qb2 a3 15. Qb3 Rfb8 16. Qd1 Nxc3 17. Qd2 Ne4 18. Qf4 Bh3 19. Bxh3 Qxh3 20. Qxc7 Rc8 21. Qf4 Nc3 22. Re1 Re8 23. e3 Ne4 24. Bd2 Qd7 25. Rac1 g5 26. Nxg5 Nxd2 27. Rxc6 Ne4 28. Rc7 Qxc7 29. Qxc7 Nxg5 30. Qf4 Ne4 31. Rc1 Rec8 32. Rc7 Rxc7 33. Qxc7 Ra6 34. f3 Re6 35. fxe4 Rxe4 36. Qd8+ Kg7 37. Qxd5 Re6 38. Qa5 Rxe3 39. Qg5+ 1-0


[Site "https://www.chess.com"]

[Event "Titled Tuesday Blitz January 03 Early 2023"]
[White "Mekhane, Adam"]
[Black "De La Colina, Nicolas"]
[WhiteFideId "36050601"]
[BlackFideId "30946921"]
[WhiteElo "2280"]
[BlackElo "2244"]
[Result "0-1"]
[Round "04"]
[TimeControl "180+2"]
[Date "2023.01.03"]
[WhiteClock "0:00:01"]
[BlackClock "0:00:04"]

1. e4 c5 2. Nf3 Nc6 3. b3 g6 4. Bb2 Nf6 5. e5 Nd5 6. Bc4 Nc7 7. Bxf7+ Kxf7 8. Ng5+ Kg8 9. Qf3 Qe8 10. Nc3 Bg7 11. Nd5 Nxd5 12. Qxd5+ e6 13. Qxc5 b6 14. Qe3 Bb7 15. O-O-O Rc8 16. Ne4 Qe7 17. Nd6 Rb8 18. f4 Nd8 19. Ba3 Nf7 20. Kb2 Qd8 21. Nxb7 Rxb7 22. g4 Bf8 23. Bxf8 Kxf8 24. f5 Qg5 25. Qc3 Rb8 26. Qc7 Rd8 27. Rhf1 Kg7 28. d4 Qxg4 29. fxe6 Qxe6 30. Rf6 Qe7 31. Rdf1 Rhf8 32. Qxa7 Ng5 33. Qxb6 Ne6 34. d5 Ng5 35. Qe3 Nf7 36. c3 Kg8 37. Qf4 Rde8 38. e6 dxe6 39. Rxe6 Qd7 0-1


[Site "https://www.chess.com"]

[Event "Titled Tuesday Blitz January 03 Early 2023"]
[White "TheKnightOfBosnia"]
[Black "Sharifov, Mekhriddin"]
[BlackFideId "14701545"]
[WhiteElo "2481"]
[BlackElo "2209"]
[Result "0-1"]
[Round "04"]
[TimeControl "180+2"]
[Date "2023.01.03"]
[WhiteClock "0:00:07"]
[BlackClock "0:00:10"]

1. e4 c5 2. Nf3 d6 3. Bb5+ Nd7 4. d4 cxd4 5. Qxd4 Nf6 6. Bg5 a6 7. Bxd7+ Bxd7 8. Bxf6 gxf6 9. Nc3 e6 10. Rd1 Qc7 11. O-O Be7 12. Rfe1 Rg8 13. Nh4 Qc5 14. Qxc5 dxc5 15. Nf3 Bc6 16. h3 Rd8 17. Kf1 b5 18. Rxd8+ Kxd8 19. Nd2 Kc7 20. Ke2 Rxg2 21. Kf3 Rg8 22. Ne2 Rd8 23. Ke3 Rg8 24. Rg1 Rg6 25. Rg4 Bf8 26. f4 Bb7 27. Nf3 Bxe4 28. Rh4 Bxf3 29. Kxf3 Rh6 30. Rxh6 Bxh6 31. f5 Kd6 32. Ke4 Bd2 33. b3 Be1 34. Nf4 Bh4 35. c4 Bg5 36. Nd3 Kc6 37. Nf2 Kb6 38. Nd3 Bd2 39. h4 Kc6 40. h5 Kb6 41. Nf2 Bg5 42. Nd3 h6 43. Nf2 Bd2 44. Nd3 Kc6 45. Nf2 Be1 46. Nd3 Bh4 47. Nf4 Kd6 48. Nd3 Bg3 49. Nc1 Ke7 50. Nd3 Bd6 51. Nf2 Kf8 52. Nd3 Kg7 53. a4 bxc4 54. bxc4 Kf8 55. Nf2 Bg3 56. Nd3 Bd6 57. Nf2 Be5 58. Nd3 Bd4 59. Nf4 Ke7 60. Ne2 Kd6 61. Nf4 Be5 62. Nd3 Bd4 63. Nf4 Kd7 64. Nd3 Kc6 65. Nf4 exf5+ 66. Kxf5 Kb6 67. Nd3 Ka5 68. Ke4 Kxa4 69. Kd5 Kb3 70. Nxc5+ Bxc5 71. Kxc5 a5 72. Kd5 a4 73. c5 a3 74. c6 a2 75. c7 a1=Q 76. c8=Q Qe5+ 77. Kc6 Qc3+ 78. Kd7 Qxc8+ 0-1


[Site "https://www.chess.com"]

[Event "Titled Tuesday Blitz January 03 Early 2023"]
[White "Aaditya Dhingra"]
[Black "reevecanada"]
[WhiteFideId "25678191"]
[WhiteElo "2027"]
[BlackElo "2477"]
[Result "1-0"]
[Round "04"]
[TimeControl "180+2"]
[Date "2023.01.03"]
[WhiteClock "0:00:03"]
[BlackClock "0:00:07"]

1. e4 c5 2. Nc3 d6 3. g3 Nc6 4. Bg2 Nf6 5. Nge2 e6 6. O-O Be7 7. d4 O-O 8. d5 Nb8 9. a4 a6 10. f4 b6 11. h3 Bb7 12. g4 Ne8 13. Ng3 Nd7 14. Be3 Nc7 15. g5 Ra7 16. Qd3 Qa8 17. h4 g6 18. h5 Re8 19. Rfd1 Rb8 20. hxg6 hxg6 21. dxe6 fxe6 22. Rd2 Rd8 23. e5 Nf8 24. Bxb7 Qxb7 25. exd6 Rxd6 26. Qe2 Rxd2 27. Bxd2 b5 28. Rf1 Qb6 29. Nge4 b4 30. Nd1 Nd5 31. Ndf2 Rc7 32. c4 bxc3 33. bxc3 c4 34. Kg2 Bd6 35. Ng4 Nh7 36. Rh1 Bxf4 37. Nef6+ Nhxf6 38. Nxf6+ Nxf6 39. Bxf4 Qb7+ 40. Qf3 Qb2+ 41. Kg3 Nh5+ 42. Rxh5 gxh5 43. Bxc7 Qc2 44. Be5 Qg6 45. Qa8+ Kf7 46. Qb7+ Ke8 47. Qc8+ Kf7 48. Qd7+ Kf8 49. Bd6+ Kg8 50. Qd8+ Kh7 51. Qe7+ Kg8 52. Qf8+ Kh7 53. Qf6 Qd3+ 54. Kh4 Qe4+ 55. Kxh5 Qh1+ 56. Kg4 Qg2+ 57. Bg3 Qe4+ 58. Kh3 Qh1+ 59. Kg4 Qe4+ 60. Qf4 Qe2+ 61. Qf3 Qc2 62. g6+ Qxg6+ 63. Kh3 Kg8 64. Bh4 Qc2 65. Qg2+ Kf7 66. Qxc2 1-0


[Site "https://www.chess.com"]

[Event "Titled Tuesday Blitz January 03 Early 2023"]
[White "Maksimenko, Viktor"]
[Black "Guliev, Logman"]
[WhiteFideId "13710478"]
[BlackFideId "13400061"]
[WhiteElo "2196"]
[BlackElo "2250"]
[Result "1-0"]
[Round "04"]
[TimeControl "180+2"]
[Date "2023.01.03"]
[WhiteClock "0:01:07"]
[BlackClock "0:00:01"]

1. d4 Nf6 2. Nf3 e6 3. c4 Bb4+ 4. Bd2 c5 5. Bxb4 cxb4 6. e3 O-O 7. Bd3 b6 8. O-O Bb7 9. Qc2 a5 10. Nbd2 h6 11. Rad1 d5 12. e4 dxe4 13. Nxe4 Nc6 14. Nxf6+ Qxf6 15. Bh7+ Kh8 16. Be4 Rfd8 17. Bxc6 Bxc6 18. Ne5 Bb7 19. Rfe1 Kg8 20. b3 Rac8 21. Qd2 Rc7 22. Qe3 Qg5 23. Nf3 Qg6 24. Rd2 Rcd7 25. Red1 Rd6 26. Kf1 Qh5 27. h3 Bxf3 28. Qxf3 Qxf3 29. gxf3 Kh7 30. Ke2 Kg6 31. Ke3 Kf5 32. f4 f6 33. h4 h5 34. f3 e5 35. fxe5 fxe5 36. d5 g5 37. hxg5 Rg8 38. Rg1 Rxg5 39. Rxg5+ Kxg5 40. Ke4 h4 41. Kxe5 Rd8 42. Ke6 h3 43. Ke7 Rh8 44. Rh2 Kf4 45. d6 Kg3 46. Rh1 Kg2 47. Re1 Rh7+ 48. Ke6 Rh6+ 49. Kd5 Rh8 50. d7 h2 51. Kc6 Kxf3 52. Kxb6 1-0


[Site "https://www.chess.com"]

[Event "Titled Tuesday Blitz January 03 Early 2023"]
[White "Filgueira, Hernan"]
[Black "Stepanencu, Nicodim-Cosmin"]
[WhiteFideId "101770"]
[BlackFideId "1256220"]
[WhiteElo "2283"]
[BlackElo "2303"]
[Result "1-0"]
[Round "04"]
[TimeControl "180+2"]
[Date "2023.01.03"]
[WhiteClock "0:00:52"]
[BlackClock "0:00:02"]

1. e4 c5 2. Nf3 d6 3. Bb5+ Nd7 4. c3 g6 5. O-O Bg7 6. Re1 a6 7. Bf1 Ngf6 8. d4 O-O 9. h3 cxd4 10. cxd4 e5 11. Nc3 b5 12. a3 Bb7 13. Bg5 h6 14. Bh4 g5 15. Bg3 Re8 16. d5 Rc8 17. Rc1 Nh5 18. Bh2 Nf4 19. g3 Ng6 20. Nd2 Nb6 21. b4 Qd7 22. Qg4 Qxg4 23. hxg4 Rc7 24. Na2 Rec8 25. Rxc7 Rxc7 26. Rc1 Rxc1 27. Nxc1 Bf6 28. f3 Bd8 29. Kg2 Na4 30. Bg1 Ne7 31. Ba7 Nc8 32. Be3 Kf8 33. Ncb3 Ke8 34. f4 f6 35. Kf2 Nc3 36. Bd3 Nd1+ 37. Ke2 Nxe3 38. Kxe3 Bb6+ 39. Kf3 Kd8 40. Nb1 Kc7 41. Nc3 Ba7 42. Nd1 Nb6 43. Ne3 Bc8 44. Na5 Na4 45. Nc6 Bb6 46. Nf5 Bxf5 47. gxf5 gxf4 48. gxf4 Nb2 49. Be2 Na4 50. fxe5 dxe5 51. Kg4 Nc3 52. Bd3 Kd6 53. Kh5 Nd1 54. Kg6 Nf2 55. Bc2 Ng4 56. Kh5 Ne3 57. Bd3 Ng2 58. Kxh6 Nf4 59. Bc2 Nxd5 60. exd5 Kxd5 61. Ne7+ Kd4 62. Kg6 Kc3 63. Be4 Kb2 64. Kxf6 Bd8 65. Ke6 Kxa3 66. f6 Kxb4 67. f7 1-0


[Site "https://www.chess.com"]

[Event "Titled Tuesday Blitz January 03 Early 2023"]
[White "Christie, Joshua"]
[Black "Sanchez, Robert"]
[WhiteFideId "7402074"]
[BlackFideId "2034360"]
[WhiteElo "2294"]
[BlackElo "1966"]
[Result "1-0"]
[Round "04"]
[TimeControl "180+2"]
[Date "2023.01.03"]
[WhiteClock "0:00:08"]
[BlackClock "0:00:07"]

1. Nf3 d5 2. b3 c6 3. Bb2 Nf6 4. e3 Bf5 5. c4 e6 6. d4 h6 7. Bd3 Bg4 8. O-O Bd6 9. Nbd2 Qc7 10. h3 Bh5 11. Qc2 Nbd7 12. Rfe1 Bxf3 13. Nxf3 O-O 14. Rad1 Rac8 15. e4 dxc4 16. bxc4 Bb4 17. Rf1 Nh5 18. e5 Nf4 19. Bh7+ Kh8 20. Qe4 Qa5 21. a3 Be7 22. Qxf4 Kxh7 23. Qe4+ Kh8 24. Rfe1 Nb6 25. Rc1 Na4 26. Rb1 b6 27. Ba1 Nc3 28. Bxc3 Qxc3 29. Qe2 Rfd8 30. a4 Qa5 31. Red1 Rd7 32. Qe4 Qxa4 33. Rdc1 c5 34. Ra1 Qc6 35. Qxc6 Rxc6 36. d5 exd5 37. cxd5 Rxd5 38. Rxa7 Bg5 39. Re1 c4 40. h4 Bd2 41. Nxd2 Rxd2 42. Rxf7 c3 43. e6 Rxe6 44. Rxe6 c2 45. Rc7 Rd1+ 46. Kh2 c1=Q 47. Rxc1 Rxc1 48. Rxb6 Rc2 49. f3 Kh7 50. Kg3 Rc5 51. Rb4 Rd5 52. Re4 Rc5 53. Kh3 Rd5 54. g4 Rc5 55. Kg3 Rd5 56. Kf4 Rc5 57. Re5 Rc4+ 58. Kf5 Rc3 59. f4 Rc6 60. g5 hxg5 61. hxg5 Rc1 62. Re7 Rc5+ 63. Kg4 Rc1 64. Rd7 Rg1+ 65. Kf5 Rc1 66. Rd8 Rc5+ 67. Kg4 Rc4 68. Kh5 Rc5 69. Rd7 Rb5 70. Kg4 Rb4 71. Rc7 Ra4 72. Kf5 Ra5+ 73. Kg4 Ra4 74. Rc1 Rb4 75. Rh1+ Kg6 76. Re1 Ra4 77. Re6+ Kf7 78. Rd6 Rb4 79. g6+ Ke7 80. Ra6 Rc4 81. Kg5 Rc2 82. Ra7+ Ke6 83. Rxg7 Rg2+ 84. Kh6 Kf5 85. Rf7+ Kg4 86. g7 Rh2+ 87. Kg6 1-0


[Site "https://www.chess.com"]

[Event "Titled Tuesday Blitz January 03 Early 2023"]
[White "aidenzhouu"]
[Black "Renjith, Sravan"]
[BlackFideId "4306783"]
[WhiteElo "2382"]
[BlackElo "2172"]
[Result "0-1"]
[Round "04"]
[TimeControl "180+2"]
[Date "2023.01.03"]
[WhiteClock "0:00:19"]
[BlackClock "0:01:16"]

1. d4 d5 2. c4 e6 3. Nf3 c5 4. cxd5 exd5 5. g3 Nc6 6. Bg2 Nf6 7. O-O Be7 8. dxc5 Bxc5 9. Qc2 Be7 10. Rd1 O-O 11. Nc3 Be6 12. Bf4 Rc8 13. Qb1 Qb6 14. Be3 Qa6 15. Nd4 Ng4 16. Nxd5 Bxd5 17. Bxd5 Nxe3 18. fxe3 Nxd4 19. exd4 Qxe2 20. Qe4 Rc2 21. Qxe2 Rxe2 22. Re1 Rxe1+ 23. Rxe1 Bf6 24. Rd1 b6 25. b3 Rd8 26. Bc4 Bxd4+ 27. Kg2 Kf8 28. Kf3 f5 29. h3 g6 30. g4 Ke7 31. gxf5 gxf5 32. a4 Kf6 33. Rd3 Ke5 34. Rd1 Rd6 35. Re1+ Kf6 36. Rd1 Rd7 37. b4 Ke5 38. Re1+ Kd6 39. Re6+ Kc7 40. Bb5 Rf7 41. Rc6+ Kb7 42. Rc4 Be5 43. Bc6+ Kb8 44. Bb5 Bc7 45. Ba6 Rg7 46. a5 Rg3+ 47. Kf2 Rxh3 48. Rd4 bxa5 49. bxa5 Bxa5 50. Rc4 Bc7 51. Rb4+ Bb6+ 52. Kg2 Rc3 53. Rh4 Rc7 54. Rh5 Rf7 55. Rg5 Be3 56. Rg8+ Kc7 57. Rc8+ Kb6 58. Bd3 f4 59. Kf3 a5 60. Rb8+ Kc5 61. Rb5+ Kd4 62. Be4 Ra7 63. Rd5+ Kc3 64. Rd3+ Kc4 65. Rd1 a4 66. Rh1 a3 67. Bxh7 a2 68. Bg8+ Kc3 69. Ra1 Kb2 70. Rxa2+ Rxa2 71. Bxa2 Kxa2 72. Ke2 Kb3 73. Kf3 Kc3 74. Ke4 Kd2 75. Kf3 Ke1 76. Ke4 Ke2 0-1


[Site "https://www.chess.com"]

[Event "Titled Tuesday Blitz January 03 Early 2023"]
[White "Grot, Blazej"]
[Black "Yaran, Siar"]
[WhiteFideId "21835845"]
[BlackFideId "6323006"]
[WhiteElo "1990"]
[BlackElo "2288"]
[Result "0-1"]
[Round "04"]
[TimeControl "180+2"]
[Date "2023.01.03"]
[WhiteClock "0:00:02"]
[BlackClock "0:00:23"]

1. e4 e5 2. Nf3 Nc6 3. Bb5 a6 4. Ba4 Nf6 5. O-O Be7 6. Re1 b5 7. Bb3 O-O 8. h3 Bb7 9. c3 d5 10. d3 dxe4 11. dxe4 Qxd1 12. Bxd1 Rfd8 13. Bc2 Nd7 14. Nbd2 f6 15. Nf1 Nc5 16. Ne3 Nd3 17. Rd1 Nxc1 18. Raxc1 Rxd1+ 19. Rxd1 Rd8 20. Nd5 Bd6 21. a4 Ne7 22. Nxe7+ Bxe7 23. Rxd8+ Bxd8 24. axb5 axb5 25. Nd2 Kf8 26. Nb3 Be7 27. f3 Ke8 28. Kf2 Kd7 29. Ke2 c5 30. Na5 Ba8 31. Bd3 c4 32. Bc2 Bd8 33. b4 Bb6 34. g4 Ke6 35. h4 Kf7 36. h5 g6 37. hxg6+ Kxg6 38. Bd1 Kg5 39. Bc2 Kf4 40. Bb1 Kg5 41. Bc2 h5 42. gxh5 Kxh5 43. Bb1 Kg5 44. Bc2 Kf4 45. Bb1 f5 46. Bc2 fxe4 47. Bxe4 Bxe4 48. fxe4 Kxe4 49. Nc6 Kd5 50. Ne7+ Ke6 51. Ng6 e4 52. Nf4+ Kd6 53. Ng2 Bd8 54. Kd2 Bg5+ 55. Ke2 Ke5 56. Ne1 Bf6 57. Nc2 Kf4 0-1


[Site "https://www.chess.com"]

[Event "Titled Tuesday Blitz January 03 Early 2023"]
[White "MIM06"]
[Black "Defend1r"]
[WhiteElo "2273"]
[BlackElo "2539"]
[Result "1-0"]
[Round "04"]
[TimeControl "180+2"]
[Date "2023.01.03"]
[WhiteClock "0:00:22"]
[BlackClock "0:00:01"]

1. e4 c5 2. Nf3 d6 3. Bb5+ Nd7 4. a4 a6 5. Be2 e6 6. Nc3 Ngf6 7. O-O Be7 8. d3 O-O 9. Nd2 Qe8 10. f4 b6 11. Nc4 Bb7 12. Bf3 d5 13. exd5 exd5 14. Ne5 Qc8 15. Re1 Re8 16. Bd2 d4 17. Ne4 Nxe4 18. Bxe4 Bxe4 19. Rxe4 Nf6 20. Re1 Bd6 21. Qf3 h5 22. h3 h4 23. Re2 Qf5 24. Rae1 Rac8 25. Nc4 Rxe2 26. Rxe2 Rd8 27. Nxb6 Nh5 28. Nd5 Ng3 29. Re1 Bf8 30. Nb6 Rb8 31. Nc4 Qd7 32. b3 f5 33. Re5 Qf7 34. Be1 Qg6 35. Bxg3 hxg3 36. Qd5+ Kh7 37. Rxf5 Re8 38. Rh5+ Qh6 39. Rxh6+ Kxh6 40. Ne5 Kh7 41. Qf7 Re7 42. Qxf8 Rc7 43. Qf5+ Kg8 44. Qg5 Rb7 45. Qxg3 1-0


[Site "https://www.chess.com"]

[Event "Titled Tuesday Blitz January 03 Early 2023"]
[White "Ilinca Ilinca, Felix Antonio"]
[Black "Janaszak, Dawid"]
[WhiteFideId "54764998"]
[BlackFideId "1119206"]
[WhiteElo "2266"]
[BlackElo "2316"]
[Result "0-1"]
[Round "04"]
[TimeControl "180+2"]
[Date "2023.01.03"]
[WhiteClock "0:00:09"]
[BlackClock "0:00:16"]

1. c4 e6 2. Nc3 d5 3. d4 c5 4. cxd5 exd5 5. Nf3 Nf6 6. dxc5 Bxc5 7. Bg5 O-O 8. e3 Nc6 9. Rc1 d4 10. exd4 Nxd4 11. Nxd4 Bxd4 12. Be2 h6 13. Bh4 Bf5 14. O-O Re8 15. Bf3 g5 16. Bg3 Re7 17. Qd2 Rd7 18. Rfd1 Rc8 19. Qe1 g4 20. Be2 Qa5 21. a3 Qd8 22. Bh4 Rc6 23. Bb5 Re6 24. Qf1 Rdd6 25. Bc4 Re8 26. Nb5 Rd7 27. Nxd4 Rxd4 28. Rxd4 Qxd4 29. Ba2 Ne4 30. Rc7 Be6 31. Bxe6 Rxe6 32. Rxb7 Nd2 33. Rb8+ Kh7 34. Qc1 Qe4 35. h3 gxh3 36. Qxd2 Qxg2# 0-1


[Site "https://www.chess.com"]

[Event "Titled Tuesday Blitz January 03 Early 2023"]
[White "Riff, Vincent"]
[Black "Adury, Anant"]
[WhiteFideId "617776"]
[BlackFideId "30964687"]
[WhiteElo "2383"]
[BlackElo "2123"]
[Result "1/2-1/2"]
[Round "04"]
[TimeControl "180+2"]
[Date "2023.01.03"]
[WhiteClock "0:00:30"]
[BlackClock "0:00:06"]

1. e4 e5 2. Nf3 Nf6 3. Nc3 Nc6 4. Bb5 Bb4 5. O-O O-O 6. d3 Bxc3 7. bxc3 d6 8. Bxc6 bxc6 9. h3 h6 10. Re1 c5 11. Nh2 Bb7 12. c4 Bc8 13. Nf1 a5 14. Ng3 a4 15. f4 Nh7 16. f5 f6 17. Nh5 Bd7 18. Qg4 Qe7 19. Bxh6 Rf7 20. h4 Kh8 21. Bd2 Rg8 22. Qf3 g6 23. Ng3 gxf5 24. Nxf5 Bxf5 25. Qxf5 Rfg7 26. Re2 Rg4 27. Be1 Qg7 28. Qf3 Nf8 29. c3 Ne6 30. Bd2 Rxh4 31. Rf1 Nf4 32. Bxf4 Rxf4 33. Qh3+ Qh7 34. Qxh7+ Kxh7 35. Rxf4 exf4 36. Kf2 Rg3 37. Rd2 a3 38. Rd1 Rg8 39. d4 cxd4 40. cxd4 Rb8 41. Rd3 Rb2+ 42. Kf3 Rxa2 43. Kxf4 Ra1 44. Kg3 a2 45. Ra3 c5 46. d5 Kg6 47. Kg4 Re1 48. Rxa2 Rxe4+ 49. Kf3 Rxc4 50. Ra6 Kf5 51. Rxd6 Ke5 52. Re6+ Kf5 53. Rc6 Ke5 54. d6 Rd4 55. Rxc5+ Kxd6 56. Ra5 Ke6 57. Ke3 Rb4 58. g3 Kf7 59. Kf3 Kg6 60. Ra8 Kg5 61. Rg8+ Kh6 62. g4 Rc4 63. Kg3 Rb4 64. Rf8 Kg6 65. Rg8+ Kh6 66. Kf3 Rc4 67. Ra8 Rb4 68. Ra5 Kg6 69. Rf5 Rb3+ 70. Kg2 Rb4 71. Kg3 Rb3+ 72. Kh4 Rb1 73. Ra5 Rh1+ 74. Kg3 Rg1+ 75. Kf3 Rb1 76. Kf4 Rb4+ 77. Kg3 Rb3+ 78. Kh4 Rb1 79. Ra8 Rh1+ 80. Kg3 Rg1+ 81. Kf3 Rb1 82. Rg8+ Kf7 83. Rh8 Rb3+ 84. Ke4 Rb4+ 85. Kf5 Rb5+ 86. Kf4 Rb4+ 87. Kg3 Rb3+ 88. Kh4 Kg6 89. Rg8+ Kf7 90. Ra8 Kg6 91. Ra4 Re3 92. Ra6 Re4 93. Kg3 Rb4 94. Kf3 Rc4 95. Ra3 Rb4 96. Re3 Ra4 97. Rb3 Rc4 98. Re3 Kg5 99. Re8 Rf4+ 100. Ke3 Rxg4 101. Kf3 Rb4 102. Ra8 Rb3+ 103. Kf2 f5 104. Ra4 Rd3 105. Rb4 Rd8 106. Ra4 Rh8 107. Kg3 Rd8 108. Ra3 Rd4 109. Rb3 Rh4 110. Rb5 Rg4+ 111. Kf3 Rh4 112. Rb8 Rh3+ 113. Kg2 Ra3 114. Rg8+ Kf4 115. Rb8 Ra2+ 116. Kf1 Kg4 117. Rb4+ f4 118. Rb3 Ra6 119. Rc3 Rh6 120. Ra3 Rh2 121. Kg1 Rd2 122. Kf1 Rc2 123. Rb3 Rc6 124. Ra3 Rf6 125. Rb3 Kf5 126. Kf2 Rh6 127. Kf1 Rh2 128. Ra3 Kg4 129. Rb3 Rc2 130. Ra3 Rc8 131. Rb3 Rg8 132. Ra3 Rd8 133. Kf2 Rd2+ 134. Kf1 Rd5 135. Kf2 Kf5 136. Kf3 Re5 137. Rb3 Kg5 138. Ra3 Rd5 139. Rb3 Rc5 140. Ra3 Rb5 141. Rc3 Rf5 142. Ra3 Kf6 143. Ra6+ Kg5 144. Ra3 Rf8 145. Ra5+ Kg6 146. Rb5 Rf5 147. Rb6+ Rf6 148. Rxf6+ Kxf6 149. Kxf4 1/2-1/2


[Site "https://www.chess.com"]

[Event "Titled Tuesday Blitz January 03 Early 2023"]
[White "Baskakov, Egor"]
[Black "Goltseva, Ekaterina"]
[WhiteFideId "24197866"]
[BlackFideId "24173770"]
[WhiteElo "2215"]
[BlackElo "2283"]
[Result "1/2-1/2"]
[Round "04"]
[TimeControl "180+2"]
[Date "2023.01.03"]
[WhiteClock "0:00:07"]
[BlackClock "0:00:05"]

1. e4 e5 2. Nc3 Nf6 3. g3 d5 4. exd5 Nxd5 5. Bg2 Nxc3 6. bxc3 Nc6 7. d3 Bc5 8. Ne2 O-O 9. O-O Be6 10. c4 Rb8 11. Be3 Bxe3 12. fxe3 Qg5 13. Qc1 h5 14. Nc3 h4 15. Ne4 Qh6 16. Qe1 h3 17. Bf3 Ne7 18. Qd2 b6 19. Rae1 f5 20. Nc3 Rbd8 21. Qe2 g5 22. Nb5 g4 23. Bh1 c6 24. Nc3 Bd7 25. d4 e4 26. a4 Be6 27. Rb1 Rb8 28. Rfd1 Rfd8 29. Ra1 a6 30. Rab1 Kg7 31. Kf2 Qf6 32. a5 bxa5 33. Na4 Qf7 34. c5 Bc4 35. Qe1 Nd5 36. Qxa5 Bb5 37. Nc3 Nxc3 38. Qxc3 Qd5 39. Rb3 Kg6 40. Rdb1 Ra8 41. Ra3 Rdb8 42. Qb4 Qc4 43. Qxc4 Bxc4 44. Rc1 a5 45. Ke1 Rb2 46. Kd2 Rb5 47. Kc3 Bd5 48. Rca1 Kf6 49. Kd2 Ke6 50. Ra4 Rab8 51. Rc1 Rb2 52. Raa1 R8b5 53. Kc3 R5b4 54. Kd2 a4 55. Kc3 Kf6 56. Ra3 Be6 57. Raa1 Bd5 58. Ra3 Bf7 59. Rxa4 Rxa4 60. Kxb2 Ra2+ 61. Kc3 Bd5 62. Kd2 Ra3 63. Rb1 Ke6 64. Rc1 Kf6 65. Rb1 Ra2 66. Rc1 Ra3 1/2-1/2


[Site "https://www.chess.com"]